 Dungeon Crawl Stone Soup version 0.19-a0-1626-g5215c36 (webtiles) character file.

123 Amnesiac the Conjurer (level 4, -3/30 HPs)
             Began as a Mummy Wizard on Sept 18, 2016.
             Slain by Natasha (5 damage)
             ... on level 4 of the Dungeon.
             The game lasted 00:04:05 (2261 turns).

Amnesiac the Conjurer (Mummy Wizard)                Turns: 2261, Time: 00:04:06

Health: -3/30      AC:  4    Str: 10    XL:     4   Next: 79%
Magic:  0/8        EV: 12    Int: 18    God:
Gold:   87         SH:  0    Dex: 10    Spells: 4 memorised, 0 levels left

rFire  x . .     SeeInvis .     k - +0 quarterstaff
rCold  + . .     Gourm    .     a - +0 robe
rNeg   + + +     Faith    .     (shield currently unavailable)
rPois  ∞         Spirit   .     b - +0 hat
rElec  .         Dismiss  .     (no cloak)
rCorr  .         Reflect  .     (no gloves)
MR     .....     Harm     .     h - +1 pair of boots
Stlth  ++........               (no amulet)
                                (no ring)
                                (no ring)

@: very slightly contaminated, slowed, repel missiles, very slow
A: no food or potions, fire vulnerability, cold resistance 1, negative energy
resistance 3, torment resistance, unbreathing
a: no special abilities


You were on level 4 of the Dungeon.
You were not hungry.

You visited 1 branch of the dungeon, and saw 4 of its levels.

You collected 87 gold pieces.

Inventory:

Hand Weapons
 k - a +0 quarterstaff (weapon)
Armour
 a - a +0 robe (worn)
 b - a +0 hat (worn)
 h - a +1 pair of boots (worn)
Jewellery
 l - an uncursed ring of flight {unknown}
Scrolls
 d - a scroll of remove curse {unknown}
 e - a scroll of recharging {unknown}
 f - a scroll of blinking {unknown}
 g - 2 scrolls of identify {unknown}
 i - a scroll of noise {unknown}
 j - a scroll of fog {unknown}
 m - 2 scrolls of enchant weapon {unknown}
 n - a scroll of enchant armour {unknown}
Books
 c - a book of Minor Magic

   Spells                             Type                      Level
   a - Magic Dart                     Conjuration                  1
   b - Blink                          Translocation                2
   c - Call Imp                       Summoning                    2
   d - Repel Missiles                 Charms/Air                   2
   e - Slow                           Hexes                        2
   f - Conjure Flame                  Conjuration/Fire             3
   g - Mephitic Cloud                 Conjuration/Poison/Air       3


   Skills:
 - Level 1.5 Dodging
 - Level 1.5 Stealth
 - Level 3.0 Spellcasting
 + Level 3.9 Conjurations
   Level 0.7 Summonings
   Level 0.7 Translocations


You couldn't memorise any spells.
You knew the following spells:

 Your Spells              Type           Power        Failure   Level  Hunger
a - Repel Missiles        Chrm/Air       #.....       28%         2    N/A
e - Mephitic Cloud        Conj/Pois/Air  #.......     30%         3    N/A
s - Conjure Flame         Conj/Fire      #.......     24%         3    N/A
z - Magic Dart            Conj           ###.         3%          1    N/A

Dungeon Overview and Level Annotations

Branches:
Dungeon (4/15)
 Temple: D:4-7

Altars:
Uskayaw

Annotations:
D:4 Natasha


Innate Abilities, Weirdness & Mutations

You do not eat or drink.
Your flesh is vulnerable to fire.
You are immune to poison.
Your flesh is cold resistant. (rC+)
You are immune to negative energy. (rN+++)
You are immune to unholy pain and torment.
You can survive without breathing.


Message History

Casting: Magic Dart
Confirm with . or Enter, or press ? or * to list all spells.
Aiming: Magic Dart
Press: ? - help, Shift-Dir - straight line, f/p - Natasha
Aim: Natasha (severely wounded, fast)
The magic dart hits Natasha.
Natasha is almost dead.
Natasha closely misses you.
Natasha mumbles some strange words.
Unknown command.
Casting: Magic Dart
Confirm with . or Enter, or press ? or * to list all spells.
You don't have enough magic to cast that spell.
Unknown command.
You closely miss Natasha.
Natasha is almost dead.
Natasha claws you.
* * * LOW HITPOINT WARNING * * *
Natasha claws you.
You die...

..................# ......
..................#........
...(..............#..##....
..................#..##....
..................#..##..##
..................#..##..##
..................#........
........####......#........
......÷.#.@#......'..##..##
.....)..#..hgg....#..######
........#..#5.....#........
...g.<..#..#......#......##
..?g....#..#......#......##
........#..#......#####..#.
........#..#..........#..+.
#..#..........#..#.
#..#.....)....#..#.


You could see Natasha, 2 gnolls and a crimson imp.

Vanquished Creatures
  Natasha (D:4)
  A hound skeleton (D:4)
  2 gnolls (D:4)
  2 adders
  A dart slug (D:1)
  2 leopard geckos
  6 orcs
  3 bats
  4 giant cockroaches
  4 goblins
  2 hobgoblins (D:2)
  4 jackals (D:3)
  A frilled lizard (D:1)
  4 kobolds
  A rat (D:2)
38 creatures vanquished.

Notes
Turn   | Place    | Note
-------+----------+-------------------------------------------
     0 | D:1      | Amnesiac the Mummy Wizard began the quest for the Orb.
     0 | D:1      | Reached XP level 1. HP: 13/13 MP: 4/4
    83 | D:1      | Reached skill level 1 in Conjurations
   433 | D:1      | Reached XP level 2. HP: 18/19 MP: 0/6
  1148 | D:2      | Reached XP level 3. HP: 24/24 MP: 4/7
  1184 | D:2      | Learned a level 3 spell: Mephitic Cloud
  1188 | D:2      | Learned a level 3 spell: Conjure Flame
  1598 | D:4      | Found a hide-covered altar of Uskayaw.
  1713 | D:4      | Noticed Natasha
  1722 | D:4      | Killed Natasha
  1722 | D:4      | Reached XP level 4. HP: 12/30 MP: 0/8
  1800 | D:4      | Learned a level 2 spell: Repel Missiles
  2244 | D:4      | Noticed Natasha
  2261 | D:4      | Slain by Natasha

Vault maps used:
D:1:      eino_arrival_cavern_e
D:2:      lemuel_coloured_pillars_altar
D:3:      serial_co_window_serial, co_window_of_opportunity_a,
          co_window_of_opportunity_a, co_window_of_opportunity_a,
          co_window_corner_a, co_window_of_opportunity_a, co_window_broadway_b,
          co_window_of_opportunity_b, co_window_unsneaky_path_d,
          co_window_paths_d, glass_columns_a, glass_columns_b, glass_columns_b,
          glass_columns_c, minmay_fountain_box
D:4:      eat_drink_and_be_merry_uskayaw, uniq_natasha, uniq_eustachio

Skill      XL: |  1  2  3 |
---------------+----------+-----
Conjurations   | 1 2 3 |  3.9
Dodging        | |  1.5
Stealth        | |  1.5
Spellcasting   | |  3.0
Summonings     | |  0.7
Translocations | |  0.7

Action                   |  1- 3 |  4- 6 || total
-------------------------+-------+-------++-------
Melee: Unarmed           |    10 |       ||    10
       Quarterstaff      |    12 |     4 ||    16
 Cast: Magic Dart        |    90 |    26 ||   116
       Repel Missiles    |       |     1 ||     1
Armor: Robe              |    13 |     1 ||    14
Dodge: Dodged            |    43 |     3 ||    46
